 Dungeon Crawl Stone Soup version 0.21.1-1-g345015f (webtiles) character file.

59 letownia2 the Conjurer (level 4, 0/36 HPs)
             Began as a Tengu Conjurer on Mar 5, 2018.
             Succumbed to Sigmund's poison
             ... on level 4 of the Dungeon.
             The game lasted 00:03:02 (644 turns).

letownia2 the Conjurer (Tengu Conjurer)              Turns: 644, Time: 00:03:03

Health: 0/36       AC: 22    Str:  9    XL:     4   Next: 3%
Magic:  3/8        EV:  2    Int: 16    God:
Gold:   30         SH:  0    Dex: 14    Spells: 1/7 levels left

rFire    . . .     SeeInvis .   g - +0 whip
rCold    . . .     Gourm    .   (no shield)
rNeg     + + +     Faith    .   (armour currently unavailable)
rPois    +         Spirit   .   (helmet currently unavailable)
rElec    .         Reflect  .   (cloak currently unavailable)
rCorr    .         Harm     .   (gloves currently unavailable)
MR       .....     NoTele   +   (boots unavailable)
Stlth    ++........             (no amulet)
HPRegen  0.12/turn              (no ring)
MPRegen  0.11/turn              (no ring)

@: lethally poisoned (0 -> -9), tree-form
A: no striking features
a: no special abilities


You were on level 4 of the Dungeon.
You were not hungry.
You were a tree.
You visited 1 branch of the dungeon, and saw 4 of its levels.

You collected 30 gold pieces.

Inventory:

Hand Weapons
 g - a +0 whip (weapon)
Missiles
 i - 2 javelins (quivered)
Armour
 a - a +0 robe
 o - a +0 leather armour (melded)
Scrolls
 d - a scroll of immolation {unknown}
 f - 3 scrolls of remove curse {unknown}
 h - a scroll of amnesia {unknown}
 j - a scroll of identify {unknown}
 l - a scroll of enchant armour {unknown}
 n - a scroll of fear {unknown}
Potions
 m - a potion of might {unknown}
Books
 b - a book of Conjurations

   Spells                             Type                      Level
   a - Magic Dart                     Conjuration                  1
   b - Searing Ray                    Conjuration                  2
   c - Dazzling Spray                 Conjuration/Hexes            3
   d - Fulminant Prism                Conjuration/Hexes            4
   e - Force Lance                    Conjuration/Translocation    4
   f - Iskenderun's Mystic Blast      Conjuration                  4
Comestibles
 c - 2 rations


   Skills:
 - Level 2.1 Dodging
 - Level 2.0 Stealth
 - Level 2.0 Spellcasting
 + Level 7.3 Conjurations


You had one spell level left.
You knew the following spells:

 Your Spells              Type           Power        Failure   Level  Hunger
a - Magic Dart            Conj           ###.         1%          1    #......
l - Searing Ray           Conj           ###...       1%          2    ###....
x - Dazzling Spray        Conj/Hex       ##....       14%         3    ###....


Dungeon Overview and Level Annotations

Branches:
Dungeon (4/15)
 Temple: D:4-7

Altars:
Makhleb

Annotations:
D:2 Robin
D:4 Sigmund


Innate Abilities, Weirdness & Mutations

((You have a beak for a mouth.))
((You have claws for feet.))


Message History

You are too confused!
You are too confused!
You are too confused!
You bump into the rock wall.
You bump into the granite statue.
Sigmund misses you.
You bump into the rock wall.
Sigmund is no longer blind.
Sigmund casts a spell at you. The magic dart hits you!
Unknown command.
You bump into the rock wall.
You feel less confused.
Sigmund hits you from afar with a scythe of venom!
* * * LOW HITPOINT WARNING * * *
You are lethally poisoned!
Unknown command.
Unknown command.
It was a potion of lignification.
You turn into a tree.
Your +0 leather armour melds into your body.
Your roots penetrate the ground.
You die...

#......#
#......#
#......#
#......##
#.......#
#.......#####
#....<.......
##.####.#####
#♣# # #'#
#8@8# #(..#
#...# #...#
..... .._..
.......


You could see Sigmund.

Vanquished Creatures
  3 adders
  3 orcs (D:3)
  2 giant cockroaches (D:1)
  5 hobgoblins
  4 kobolds
  A frilled lizard (D:2)
  5 goblins
  7 rats
30 creatures vanquished.

Notes
Turn   | Place    | Note
-------+----------+-------------------------------------------
     0 | D:1      | letownia2 the Tengu Conjurer began the quest for the Orb.
     0 | D:1      | Reached XP level 1. HP: 10/10 MP: 4/4
   106 | D:1      | Reached XP level 2. HP: 15/15 MP: 0/6
   161 | D:1      | Reached skill level 6 in Conjurations
   253 | D:2      | Noticed Robin
   266 | D:1      | Learned a level 2 spell: Searing Ray
   341 | D:2      | Reached XP level 3. HP: 10/19 MP: 2/7
   346 | D:2      | Learned a level 3 spell: Dazzling Spray
   469 | D:3      | Reached skill level 7 in Conjurations
   600 | D:3      | Reached XP level 4. HP: 15/24 MP: 4/8
   619 | D:4      | Found a burning altar of Makhleb.
   619 | D:4      | Noticed Sigmund
   643 | D:4      | HP: 1/24 [Sigmund/scythe of venom (11)]
   644 | D:4      | Succumbed to Sigmund's poison

Skill      XL: |  1  2  3 |
---------------+----------+-----
Conjurations   | 6 7 |  7.3
Dodging        | |  2.1
Stealth        | |  2.0
Spellcasting   | |  2.0

Action                   |  1- 3 |  4- 6 || total
-------------------------+-------+-------++-------
Melee: Unarmed           |    13 |       ||    13
       Kick              |     6 |       ||     6
       Whip              |    16 |       ||    16
       Peck              |     2 |       ||     2
Throw: Javelin           |     5 |       ||     5
 Cast: Magic Dart        |    44 |     1 ||    45
       Dazzling Spray    |     1 |     2 ||     3
       Searing Ray       |     1 |       ||     1
  Use: Potion            |       |     1 ||     1
 Stab: Sleeping          |     1 |       ||     1
Armor: Robe              |     7 |       ||     7
       Leather armour    |     1 |       ||     1
Dodge: Dodged            |    20 |     1 ||    21
